 Dungeon Crawl Stone Soup version 0.29.1-1-gd02db6906a (webtiles) character file.

Game seed: 11861288417933486834

9454 Glamhuggeren the Fighter (level 11, -20/95 HPs)
             Began as a Demonspawn Gladiator on Oct 10, 2022.
             Was a Priest of Qazlal.
             Demolished by a boulder beetle (27 damage)
             ... on level 11 of the Dungeon.
             The game lasted 00:44:39 (11903 turns).

Glamhuggeren the Fighter (Demonspawn Gladiator)    Turns: 11903, Time: 00:44:39

Health: -20/95     AC: 12    Str: 16    XL:     11   Next: 23%
Magic:  0/14       EV: 13    Int: 10    God:    Qazlal [***...]
Gold:   621        SH:  9    Dex: 23    Spells: 13/13 levels left

rFire   . . .      SeeInvis .   a - +2 war axe (vorpal)
rCold   . . .      Faith    .   (no shield)
rNeg    . . .      Spirit   +   L - +0 acid dragon scales
rPois   +          Reflect  +   c - +1 helmet
rElec   .          Harm     .   I - +1 cloak of Lizinur {rPois}
rCorr   +          Rampage  .   (no gloves)
Will    +....                   (no boots)
Stlth   +.........              r - amulet of reflection
HPRegen 0.25/turn               D - +6 ring of dexterity
MPRegen 0.28/turn               d - ring of willpower

@: invisible (expiring)
A: hooves 1, thin metallic scales 1, powered by death 1, magic shield, magic
regeneration
a: Renounce Religion, Upheaval, Elemental Force


You were on level 11 of the Dungeon.
You worshipped Qazlal.
Qazlal was most pleased with you.
You visited 2 branches of the dungeon, and saw 12 of its levels.
You also visited: Sewer.

You collected 621 gold pieces.

Inventory:

Hand Weapons
 a - a +2 vorpal war axe (weapon)
 g - a +0 war axe
 s - a +3 sling
Missiles
 f - 112 stones (quivered)
 k - 14 boomerangs
 m - 7 poisoned darts
 q - 2 boomerangs of dispersal
 v - a javelin
Armour
 c - a +1 helmet (worn)
 I - the +1 cloak of Lizinur (worn) {rPois}
   (You found it on level 8 of the Dungeon)

   rPois:     It protects you from poison.
 L - +0 acid dragon scales (worn)
Jewellery
 d - a ring of willpower (right hand)
 l - a ring of see invisible
 p - an amulet of magic regeneration
 r - an amulet of reflection (around neck)
 t - a ring of resist corrosion
 D - a +6 ring of dexterity (left hand)
Wands
 i - a wand of polymorph (13)
 w - a wand of iceblast (7)
 y - a wand of flame (29)
 E - a wand of digging (5)
Scrolls
 b - 2 scrolls of identify
 u - 3 scrolls of amnesia
 x - 3 scrolls of enchant weapon
 A - 2 scrolls of enchant armour
 F - 2 scrolls of silence
 J - a scroll of blinking {unknown}
 K - a scroll of butterflies
Potions
 e - a potion of experience {unknown}
 h - a potion of haste
 n - 2 potions of ambrosia
 z - 6 potions of flight
 B - a potion of invisibility
 C - 2 potions of attraction {unknown}
 H - 2 potions of degeneration {unknown}


   Skills:
 - Level 12.1 Fighting
 + Level 11.4 Axes
 - Level 2.0 Throwing
 - Level 3.0 Dodging
 - Level 1.5 Spellcasting
 - Level 5.0 Invocations


You had 13 spell levels left.
You didn't know any spells.
Your spell library contained the following spells:

 Spells                   Type           Power      Damage    Failure   Level
 Magic Dart               Conj           0%         1d3       41%         1
 Call Imp                 Summ           0%         N/A       56%         2
 Ensorcelled Hibernation  Hex/Ice        0%         N/A       56%         2
 Gell's Gravitas          Tloc           0%         N/A       80%         3
 Lesser Beckoning         Tloc           0%         N/A       80%         3
 Mephitic Cloud           Conj/Pois/Air  0%         N/A       80%         3
 Portal Projectile        Hex/Tloc       0%         N/A       80%         3
 Spider Form              Tmut/Pois      0%         N/A       80%         3
 Teleport Other           Tloc           0%         N/A       80%         3
 Tukima's Dance           Hex            0%         N/A       80%         3
 Anguish                  Hex/Necr       0%         N/A       99%         4
 Corpse Rot               Necr/Pois/Air  0%         N/A       99%         4
 Dispel Undead            Necr           0%         3d6       99%         4
 Summon Ice Beast         Ice/Summ       0%         N/A       99%         4
 Blade Hands              Tmut           0%         N/A       100%        5
 Summon Mana Viper        Hex/Summ       0%         N/A       100%        5
 Death Channel            Necr           0%         N/A       100%        6
 Monstrous Menagerie      Summ           0%         N/A       100%        7


Dungeon Overview and Level Annotations

Branches:
Dungeon (11/15)            Temple (1/1) D:5            Lair (0/5) D:10
    Orc (0/2) D:10          Sewer (visited)

Altars:
Ashenzari
Cheibriados
Dithmenos
Fedhas
Gozag
Hepliaklqana
Kikubaaqudgha
Makhleb
Nemelex Xobeh
Okawaru
Qazlal
Ru
Sif Muna
Trog
Uskayaw
Vehumet
Wu Jian
Xom
Yredelemnul

Shops:
D:3 (   D:10 *

Annotations:
D:7 3 runed translucent doors, lennort's ghost, novice MfTm


Innate Abilities, Weirdness & Mutations

You have large cloven feet.
You are partially covered in thin metallic scales. (AC +2)
You regenerate a little health from kills.
When hurt, damage is shared between your health and your magic reserves.
You regenerate magic rapidly.


Message History

The boulder beetle is severely wounded.
The boulder beetle hits you!!
The boulder beetle stops rolling and uncurls.
You hit the boulder beetle.
The boulder beetle is severely wounded.
The boulder beetle bites you!
* * * LOW HITPOINT WARNING * * *
You hit the boulder beetle but do no damage.
The boulder beetle is severely wounded.
The boulder beetle bites you.
* * * LOW HITPOINT WARNING * * *
You hit the boulder beetle but do no damage.
You kick the boulder beetle, but do no damage.
The boulder beetle is severely wounded.
The boulder beetle bites you.
* * * LOW HITPOINT WARNING * * *
You feel better. The boulder beetle bites you.
* * * LOW HITPOINT WARNING * * *
You barely miss the boulder beetle.
You kick the boulder beetle, but do no damage.
The boulder beetle is severely wounded.
The boulder beetle bites you.
* * * LOW HITPOINT WARNING * * *
You hit the boulder beetle but do no damage.
You kick the boulder beetle, but do no damage.
The boulder beetle is severely wounded.
The boulder beetle bites you!!
* * * LOW HITPOINT WARNING * * *
You fade into invisibility!
The boulder beetle barely misses you.
The boulder beetle curls into a ball and begins rolling!
Found a book of the Senses.
The boulder beetle barely misses you.
The boulder beetle stops rolling and uncurls.
You flicker for a moment.
You block the boulder beetle's attack.
The boulder beetle curls into a ball and begins rolling!
The boulder beetle is engulfed in freezing vapours.
The boulder beetle is engulfed in freezing vapours.
The boulder beetle hits you!!
You die...

........ #..##.#####'##+###
.............#..##.###..........
.............#...#...'..........
..........:..#...#...#..........
..>..........#.>.#...#..........
.............#######+#..........
....##+##..............#########
....# +.....○........# ....#
#....°.B@......# ....#
#...°..........#
....###+#..............#
######.......########+##
#....'.......# '....#.......#
#....#.......# #.[..#.......#
.....#.......#


You could see a boulder beetle (rolling, unable to see you).

Vanquished Creatures
  Harold (D:9)
  2 two-headed ogres
  Pikel (D:4)
  A cyclops (D:11)
  A manticore (D:11)
  A komodo dragon (D:10)
  Prince Ribbit (D:8)
  A shadow (D:9)
  A wraith (D:10)
  7 yaks (D:10)
  Grum (D:11)
  2 steam dragons (D:8)
  An acid dragon (D:10)
  A water moccasin (D:4)
  3 orc warriors
  A sky beast (D:7)
  A black bear (D:6)
  3 ice beasts
  4 centaurs
  2 ogres (D:6)
  4 wolves (D:10)
  3 phantoms
  A bullfrog (D:7)
  3 gnoll sergeants
  A necrophage (D:7)
  2 scorpions
  5 killer bees (D:10)
  2 troll zombies (D:10)
  3 howler monkeys (D:7)
  2 hounds (D:5)
  2 jellies
  11 orc priests
  A gnoll bouda (D:8)
  Jessica (D:3)
  4 iguanas
  6 orc wizards
  6 ogre zombies (D:10)
  24 gnolls
  14 adders
  2 shadow imps
  A white imp (D:6)
  3 ufetubi
  7 worms
  3 dart slugs
  43 orcs
  13 ball pythons
  3 bats
  An endoplasm (D:2)
  4 giant cockroaches
  26 goblins
  37 hobgoblins
  5 jackals
  6 quokkas
  10 frilled lizards
  2 goblin zombies (D:10)
  2 hobgoblin zombies (D:10)
  5 kobolds
  3 orc skeletons (D:10)
  18 orc zombies (D:10)
  7 rats
332 creatures vanquished.

Vanquished Creatures (others)
  2 plants (D:10)
2 creatures vanquished.

Grand Total: 334 creatures vanquished

Notes
Turn   | Place    | Note
-------+----------+-------------------------------------------
     0 | D:1      | Glamhuggeren the Demonspawn Gladiator began the quest for
                  | the Orb.
     0 | D:1      | Reached XP level 1. HP: 16/16 MP: 1/1
    99 | D:1      | Found a faded altar of an unknown god.
   452 | D:1      | Gained mutation: You regenerate a little health from kills.
                  | [demonic ancestry]
   452 | D:1      | Reached XP level 2. HP: 19/23 MP: 2/2
   975 | D:2      | Reached XP level 3. HP: 22/28 MP: 3/3
  1333 | D:2      | Reached skill level 3 in Fighting
  1882 | D:2      | Gained mutation: You are partially covered in thin metallic
                  | scales. (AC +2) [demonic ancestry]
  1882 | D:2      | Reached XP level 4. HP: 35/35 MP: 4/4
  2564 | D:3      | Noticed Jessica
  2576 | D:3      | Killed Jessica
  2577 | D:3      | Reached skill level 4 in Fighting
  2620 | D:3      | Found Orarioga's Antique Weapon Shop.
  2700 | D:3      | Found a glowing drain.
  2706 | Sewer    | Entered a sewer
  2716 | Sewer    | Reached XP level 5. HP: 34/42 MP: 5/5
  3413 | D:3      | Reached skill level 5 in Fighting
  3474 | D:3      | Gained mutation: You regenerate magic rapidly. [demonic
                  | ancestry]
  3474 | D:3      | Reached XP level 6. HP: 33/51 MP: 6/6
  4000 | D:4      | Found a bloodstained altar of Trog.
  4472 | D:5      | Entered Level 5 of the Dungeon
  4495 | D:5      | Noticed a water moccasin
  4561 | D:5      | Noticed Pikel
  4641 | D:4      | Killed Pikel
  4642 | D:4      | Reached skill level 7 in Fighting
  4642 | D:4      | Reached skill level 5 in Axes
  4642 | D:4      | Reached XP level 7. HP: 48/60 MP: 7/7
  4911 | D:5      | Gained mutation: You have large cloven feet. [demonic
                  | ancestry]
  4911 | D:5      | Reached XP level 8. HP: 68/68 MP: 8/8
  5004 | D:4      | Reached skill level 8 in Fighting
  5712 | D:5      | Found a staircase to the Ecumenical Temple.
  5721 | Temple   | Entered the Ecumenical Temple
  5742 | Temple   | Became a worshipper of Qazlal Stormbringer
  5923 | D:5      | Found a sacrificial altar of Ru.
  6047 | D:6      | Reached skill level 9 in Fighting
  6755 | D:6      | Found an opulent altar of Gozag.
  6763 | D:6      | Found a sparkling altar of Nemelex Xobeh.
  6765 | D:6      | Found a shimmering altar of Xom.
  6767 | D:6      | Found a broken altar of Ashenzari.
  6777 | D:6      | Reached XP level 9. HP: 68/78 MP: 9/9
  6914 | D:7      | Reached * piety under Qazlal
  6936 | D:7      | Reached skill level 10 in Fighting
  6976 | D:7      | Reached skill level 1 in Spellcasting
  7063 | D:7      | Noticed a two-headed ogre
  7080 | D:7      | Killed a two-headed ogre
  7081 | D:7      | Reached skill level 11 in Fighting
  7501 | D:7      | Found an ornate altar of the Wu Jian Council.
  7579 | D:7      | Found a runed translucent gate.
  7581 | D:7      | Noticed lennort's ghost (novice MfTm)
  7583 | D:7      | Found a runed translucent gate.
  7583 | D:7      | Found a runed translucent gate.
  7584 | D:7      | Identified the +8 chain mail of Ycwuu {Int+4 SInv}
  7776 | D:8      | Identified the +1 cloak of Lizinur {rPois}
  7848 | D:8      | Noticed Prince Ribbit
  7862 | D:8      | Killed Prince Ribbit
  8247 | D:8      | Gained mutation: When hurt, damage is shared between your
                  | health and your magic reserves. [demonic ancestry]
  8247 | D:8      | Reached XP level 10. HP: 64/89 MP: 12/12
  8635 | D:8      | Reached ** piety under Qazlal
  8783 | D:8      | Reached skill level 12 in Fighting
  9326 | D:9      | Reached skill level 1 in Invocations
  9510 | D:9      | Noticed Harold
  9530 | D:9      | Killed Harold
  9925 | D:9      | Noticed a two-headed ogre
  9928 | D:9      | Killed a two-headed ogre
  9929 | D:9      | Reached skill level 5 in Invocations
 10288 | D:10     | Entered Level 10 of the Dungeon
 10360 | D:10     | Found a staircase to the Orcish Mines.
 10389 | D:10     | Reached *** piety under Qazlal
 10703 | D:10     | Found Xoxkoten's Assorted Antiques.
 10782 | D:10     | Found an iron altar of Okawaru.
 10796 | D:10     | Reached skill level 10 in Axes
 11024 | D:10     | Reached XP level 11. HP: 83/95 MP: 10/14
 11037 | D:10     | Found a staircase to the Lair.
 11329 | D:11     | Noticed Grum
 11381 | D:11     | Killed Grum
 11860 | D:11     | Noticed a boulder beetle
 11888 | D:11     | HP: 3/95 [boulder beetle (20)]
 11903 | D:11     | Demolished by a boulder beetle

Illustrated notes

Levels and vault maps discovered:
D:1:      wander_arrival_desolate, layout_basic, shapermc_ecumenical_altar_venn,
          minmay_misc_feat_enclosed
D:2:      layout_loops_ring, skrybe_limestone_x
D:3:      minmay_goblin_kobold_castle, layout_basic, gup_sewer_entry_bubbles,
          serial_shops, shop, uniq_jessica
D:4:      layout_loops_ring, lemuel_round_altar, st_stairs_5, glass_columns_a,
          wad_rectangle_vault
D:5:      layout_cave_pools, gammafunk_temple_overflow_wave,
          minmay_temple_entry_junction, serial_column_ruins,
          column_ruins_open_tiny, column_ruins_grid_1,
          column_ruins_columns_straight, uniq_pikel
D:6:      layout_rooms, chequers_temple_overflow_minitemple
D:7:      layout_rooms, nzn_wu_jian_council_hall, biasface_ghost_orc_armoury
D:8:      layout_basic, uniq_prince_ribbit1
D:9:      layout_irregular_city, overflow_temple_1_default,
          grunt_decor_resistance, uniq_harold
D:10:     layout_cave_pools, general_overflow_altar, david_lair_shrubbed,
          zombieorc2_lemuel, serial_shops, shop
D:11:     layout_gridville, uniq_grum, uniq_nergalle
Temple:   nicolae_temple_ecumenical_triangle

Skill      XL: |  1  2  3  4  5  6  7  8  9 10 11 |
---------------+----------------------------------+-----
Throwing       | 2 |  2.0
Axes           | 3 4 5 6 7 10 11 | 11.4
Dodging        | 3 |  3.0
Fighting       | 3 4 5 7 9 11 12 | 12.1
Spellcasting   | 1 |  1.5
Invocations    | 5 |  5.0

Action                   |  1- 3 |  4- 6 |  7- 9 | 10-12 || total
-------------------------+-------+-------+-------+-------++-------
Melee: War axe           |   104 |   269 |   273 |   237 ||   883
       Punch             |     2 |     1 |     6 |     3 ||    12
       Kick              |       |       |    69 |    96 ||   165
 Fire: Sling             |       |    77 |    13 |     6 ||    96
Throw: Throwing net      |       |     5 |     4 |     3 ||    12
       Dart              |       |       |       |     6 ||     6
       Javelin           |       |       |       |     1 ||     1
Invok: Upheaval          |       |       |       |     1 ||     1
Evoke: Wand              |       |       |       |     4 ||     4
  Use: Potion            |       |       |    10 |     7 ||    17
       Scroll            |       |       |    11 |     4 ||    15
 Stab: Sleeping          |     2 |       |     1 |       ||     3
       Held in net/web   |       |       |     1 |       ||     1
Armor: Leather armour    |    31 |   109 |    70 |       ||   210
       Ring mail         |       |       |     7 |    31 ||    38
       Acid dragon scale |       |       |       |    34 ||    34
Dodge: Dodged            |    62 |   225 |   174 |   130 ||   591
Block: Other             |       |       |    71 |    96 ||   167
       Reflection        |       |       |     2 |     3 ||     5
